 Seeded DCSS version 0.30-a0-359-gd0147acb1a (webtiles) character file.

Game seed: 11875864161840823782 (custom seed)

18150 purpskrrrp the Unseen (level 12, -2/67 HPs)
             Began as a Vine Stalker Brigand on Nov 11, 2022.
             Was a Priest of Dithmenos.
             Slain by a fire elemental (8 damage)
             ... led by Azrael
             ... on level 12 of the Dungeon.
             The game lasted 01:07:17 (12266 turns).

purpskrrrp the Unseen (Vine Stalker Brigand)       Turns: 12266, Time: 01:07:18

Health: -2/67      AC: 20    Str: 20    XL:     12   Next: 55%
Magic:  0/7        EV: 10    Int: 15    God:    Dithmenos [***...]
Gold:   369        SH:  6    Dex: 20    Spells: 11/14 levels left

rFire   . . .      SeeInvis +    e - +7 Throatcutter {drain, coup de grace}
rCold   . . .      Faith    .    z - +0 buckler
rNeg    . . .      Spirit   +    L - +6 chain mail of Nanud {+Blink rCorr MP-9 Str+7}
rPois   .          Reflect  .    (helmet restricted)
rElec   .          Harm     .    c - +0 cloak
rCorr   +          Rampage  .    (no gloves)
Will    ++...                    M - +0 pair of boots {Fly}
Stlth   +++++++...               q - amulet of magic regeneration
HPRegen 1.11/turn                g - ring of willpower
MPRegen 0.50/turn                w - ring of see invisible

@: mighty, flying, wreathed by umbra, unable to drink
A: fangs 3, regeneration 1, magic shield, antimagic bite, no potion heal 2,
horns 1, talons 1, iridescent scales 1, clever 1, robust 1, inability to drink
after injury 2
a: Renounce Religion, Evoke Blink, Shadow Step


You were on level 12 of the Dungeon.
You worshipped Dithmenos.
Dithmenos was most pleased with you.
You visited 2 branches of the dungeon, and saw 13 of its levels.
You also visited: Sewer and Ossuary.

You collected 649 gold pieces.
You spent 280 gold pieces at shops.

Inventory:

Hand Weapons
 a - a +2 dagger
 e - the +7 Throatcutter (weapon) {drain, coup de grace}
   (You took it off Terence on level 2 of the Dungeon)

   A truly terrible weapon, it drains the life of any living foe it strikes.
   It may instantly kill foes which have little health.
 i - a +2 dagger of venom
 k - a +4 dagger of holy wrath
 t - the +1 sling of Dissatisfaction {elec, rPois Str+3 Stlth-}
   (You found it on level 4 of the Dungeon)

   Any ammunition fired from it occasionally discharges a powerful burst of
   electricity upon striking a foe.
   Str:       It affects your strength (+3).
   rPois:     It protects you from poison.
   Stlth:     It makes you less stealthy.
Missiles
 p - a throwing net
 x - 18 poisoned darts (quivered)
 B - 5 silver javelins
 E - 4 javelins
 R - a curare-tipped dart
Armour
 b - a +0 robe
 c - a +0 cloak (worn)
 f - a +1 ring mail
 j - +0 acid dragon scales
 v - a +0 helmet
 z - a +0 buckler (worn)
 A - a +0 pair of boots
 C - a +2 leather armour of poison resistance
 H - the +0 scale mail "Iquw Mus" {rC+ Str-3 Stlth+}
   (You found it on level 6 of the Dungeon)

   Str:       It affects your strength (-3).
   rC:        It protects you from cold.
   Stlth:     It makes you more stealthy.
 L - the +6 chain mail of Nanud (worn) {+Blink rCorr MP-9 Str+7}
   (You found it on level 8 of the Dungeon)

   Str:       It affects your strength (+7).
   MP:        It affects your magic capacity (-9).
   +Blink:    It lets you blink.
   rCorr:     It protects you from acid and corrosion.
 M - a +0 pair of boots of flying (worn)
Jewellery
 g - a ring of willpower (left hand)
 h - a ring of protection from fire
 q - an amulet of magic regeneration (around neck)
 w - a ring of see invisible (right hand)
 P - a ring of resist corrosion
 S - a ring of positive energy
Wands
 F - a wand of iceblast (19)
 O - a wand of charming (13)
 U - a wand of light (21)
Scrolls
 y - a scroll of silence
 G - 2 scrolls of enchant weapon
 V - a scroll of magic mapping
Potions
 d - 7 potions of curing
 l - a potion of degeneration
 m - 5 potions of brilliance
 n - 9 potions of heal wounds
 o - a potion of berserk rage
 r - 5 potions of flight
 s - 2 potions of magic
 u - 3 potions of attraction
 D - a potion of lignification
 I - a potion of haste
 J - a potion of resistance {unknown}
 K - a potion of cancellation {unknown}
 Q - a potion of invisibility {unknown}


   Skills:
 * Level 6.1 Fighting
 - Level 2.5(5.3) Short Blades
 * Level 7.4(7.6) Long Blades
 - Level 2.5 Throwing
 + Level 5.0 Armour
 + Level 5.0 Dodging
 + Level 20.5 Stealth
 + Level 5.4 Shields
 + Level 1.5 Spellcasting
 + Level 1.6 Summonings
 + Level 4.3 Invocations


You had 11 spell levels left.
You knew the following spells:

 Your Spells              Type           Power      Damage    Failure   Level
a - Call Canine Familiar  Summ           5%         N/A       99%         3

Your spell library contained the following spells:

 Spells                   Type           Power      Damage    Failure   Level
 Summon Small Mammal      Summ           20%        N/A       83%         1
 Beastly Appendage        Tmut           2%         N/A       96%         1
 Freeze                   Ice            4%         1d3       96%         1
 Sting                    Tmut/Pois      4%         1d3       96%         1
 Ensorcelled Hibernation  Hex/Ice        2%         N/A       99%         2
 Passwall                 Tmut/Erth      0%         N/A       99%         2
 Poisonous Vapours        Pois/Air       2%         N/A       99%         2
 Static Discharge         Conj/Air       2%         2-3/arc   99%         2
 Wereblood                Tmut           1%         N/A       99%         2
 Summon Guardian Golem    Hex/Summ       3%         N/A       99%         3
 Frozen Ramparts          Ice            2%         1d1       100%        3
 Hailstorm                Conj/Ice       1%         3d3       100%        3
 Spider Form              Tmut/Pois      1%         N/A       100%        3
 Swiftness                Air            1%         N/A       100%        3
 Vhi's Electric Charge    Tloc/Air       2%         N/A       100%        3
 Cause Fear               Hex            0%         N/A       100%        4
 Olgreb's Toxic Radiance  Pois           1%         N/A       100%        4
 Arcjolt                  Conj/Air       0%         1d10      100%        5
 Freezing Cloud           Conj/Ice/Air   0%         6-21      100%        5
 Lightning Bolt           Conj/Air       0%         1d11      100%        5
 Simulacrum               Ice/Necr       0%         N/A       100%        6
 Dragon Form              Tmut           0%         N/A       100%        7
 Dragon's Call            Summ           2%         N/A       100%        9
 Polar Vortex             Ice            0%         N/A       100%        9


Dungeon Overview and Level Annotations

Branches:
Dungeon (12/15)            Temple (1/1) D:6            Lair (0/5) D:10
    Orc (0/2) D:11          Sewer (visited)         Ossuary (visited)

Altars:
Ashenzari
Cheibriados
Dithmenos
Elyvilon
Fedhas
Gozag
Hepliaklqana
Kikubaaqudgha
Makhleb
Nemelex Xobeh
Okawaru
Qazlal
Ru
Sif Muna
Trog
Uskayaw
Vehumet
Wu Jian
Xom
Yredelemnul
Zin
The Shining One

Shops:
D:4 :   D:5 ([:[   D:6 (   D:8 (

Annotations:
D:12 Azrael, Lodul


Innate Abilities, Weirdness & Mutations

You have razor-sharp teeth.
Your natural rate of healing is unusually fast.
When hurt, damage is shared between your health and your magic reserves.
Your bite disrupts and absorbs the magic of your enemies.
Potions cannot restore your health.
You have a pair of small horns on your head.
You have sharp toenails.
You are partially covered in iridescent scales. (AC +2)
Your mind is acute. (Int +4, Str/Dex -1)
You are robust. (+10% HP)
You sometimes lose the ability to drink potions when taking damage.


Message History

The blast of flame hits you!
* * * LOW HITPOINT WARNING * * *
You hear a shout!
You cannot drink potions in your current state!
Okay, then.
Okay, then.
Okay, then.
You slash the hell hound!
You kill the hell hound!
Dithmenos accepts your kill.
You cannot drink potions in your current state!
Azrael, a fire elemental and a hell hound come into view.
Azrael is wielding a +0 scimitar of flaming.
The fire elemental moves out of view.
As you read the scroll of fog, it crumbles to dust.
The scroll dissolves into smoke.
The fire elemental misses you.
An ogre comes into view. It is wielding a +0 giant club.
The fire elemental hits you. The fire elemental burns you!
* * * LOW HITPOINT WARNING * * *
The fire elemental hits you. The fire elemental burns you!
* * * LOW HITPOINT WARNING * * *
The fire elemental misses you. The fire elemental closely misses you.
You block the fire elemental's attack. The fire elemental hits you.
The fire elemental burns you!
* * * LOW HITPOINT WARNING * * *
Aiming: Shadow Step
Press: ? - help, Dir - move target, f - fire elemental
Aim: a fire elemental (umbra)
Okay, then.
The fire elemental barely misses you. You block the fire elemental's attack.
The fire elemental hits you. The fire elemental burns you!
* * * LOW HITPOINT WARNING * * *
Azrael gestures at you.
The bolt of fire misses the fire elemental.
The bolt of fire hits you!
* * * LOW HITPOINT WARNING * * *
Azrael screams, "Burn!
Burn!
All of it must BURN!"
The fire elemental hits you. The fire elemental burns you!
You die...

#.......# ###........## ####
.........##.#.....)..####
...###..##.#..#.<.......#..#.##
)....#.....##.........###.....#
.#...# ..##..........#####...#
.#..####.......#.......# #...##
.#...##.......##......####.###
..#..##..# ##.#..........#.##
.###.....# #....@...........# .#
#.....####..EE...........# .#
##.....###..○☼.....##....# .#
#........#..○○##....#....#
.####..........○○# ##...#...#.
..# ##.).......#.## #...........
..###.)).......#RO###..........#
..##..)........##○.............#
#.##..).........#°.O.....##....#


You could see Azrael, 2 fire elementals and an ogre.

Vanquished Creatures
  4 two-headed ogres
  Urug (D:10)
  Pikel (D:6)
  A manticore (D:12)
  A gargoyle (D:12)
  Maggie (D:6)
  An unseen horror (D:12)
  Psyche (D:8)
  A komodo dragon (D:12)
  2 kobold demonologists
  3 trolls
  8 slime creatures (D:12)
  2 hornets
  2 vampires
  14 yaks
  Eustachio (D:6)
  3 wyverns (D:10)
  5 shadows
  3 wraiths
  A fire elemental (D:12)
  3 steam dragons (D:8)
  A basilisk (D:10)
  Edmund (D:4)
  An acid dragon (D:12)
  2 hell hounds (D:12)
  8 water moccasins
  2 orc warriors (D:11)
  2 ice beasts
  5 ogres
  3 black bears (D:10)
  A wolf (D:10)
  5 centaurs
  A phantom (D:6)
  A lemure (D:6)
  5 kobold brigands
  2 elf zombies (Ossuary)
  5 bullfrogs
  A gnoll sergeant (D:12)
  2 scorpions
  A necrophage (D:6)
  4 wights (D:6)
  4 killer bees (D:9)
  A howler monkey (D:4)
  3 jellies
  2 gnoll boudas
  4 orc priests
  2 hounds
  2 iguanas
  Terence (D:2)
  7 orc wizards
  3 mummies (Ossuary)
  17 gnolls
  7 adders
  2 ufetubi
  2 adder zombies (Ossuary)
  A worm (D:3)
  3 dart slugs
  29 orcs
  11 ball pythons
  6 bats
  4 endoplasms
  8 giant cockroaches
  3 hobgoblins
  5 jackals
  22 kobolds
  6 quokkas
  10 frilled lizards
  A gnoll zombie (Ossuary)
  7 goblins
  2 goblin zombies (Ossuary)
  5 hobgoblin zombies (Ossuary)
  A kobold zombie (Ossuary)
  An orc zombie (Ossuary)
  3 quokka zombies (Ossuary)
  6 rats
  A rat zombie (Ossuary)
304 creatures vanquished.

Vanquished Creatures (others)
  A water moccasin (D:10)
  A black bear (D:10)
  A howler monkey (D:10)
  2 fungi (D:10)
  37 plants
42 creatures vanquished.

Grand Total: 346 creatures vanquished

Notes
Turn   | Place    | Note
-------+----------+-------------------------------------------
     0 | D:1      | purpskrrrp the Vine Stalker Brigand began the quest for the
                  | Orb.
     0 | D:1      | Reached XP level 1. HP: 11/11 MP: 2/2
   136 | D:1      | Reached skill level 5 in Stealth
   191 | D:1      | Reached XP level 2. HP: 15/15 MP: 3/3
   194 | D:1      | Identified a scroll of acquirement
   677 | D:2      | Reached XP level 3. HP: 18/18 MP: 4/4
   705 | D:2      | Reached skill level 6 in Stealth
   705 | D:2      | Gained mutation: Your natural rate of healing is unusually
                  | fast. [Vine Stalker growth]
   705 | D:2      | Reached XP level 4. HP: 19/23 MP: 2/5
   724 | D:2      | Noticed Terence
   752 | D:2      | Killed Terence
  1147 | D:2      | Acquired a manual of Stealth
  1382 | D:3      | Found a burning altar of Makhleb.
  1398 | D:3      | Reached skill level 7 in Stealth
  1398 | D:3      | Reached XP level 5. HP: 25/26 MP: 4/6
  1448 | D:3      | Reached skill level 8 in Stealth
  1549 | D:3      | Found a glowing drain.
  1583 | Sewer    | Entered a sewer
  1693 | Sewer    | Noticed a kobold brigand
  1700 | Sewer    | Killed a kobold brigand
  1701 | Sewer    | Reached skill level 9 in Stealth
  1701 | Sewer    | Reached XP level 6. HP: 30/30 MP: 7/7
  1756 | Sewer    | Reached skill level 10 in Stealth
  1862 | Sewer    | Reached skill level 11 in Stealth
  2020 | Sewer    | Gained mutation: You are clumsy. (Dex -2) [potion of
                  | mutation]
  2020 | Sewer    | Gained mutation: You have large cloven feet. [potion of
                  | mutation]
  2020 | Sewer    | Gained mutation: You possess an exceptional clarity of
                  | mind. [potion of mutation]
  2021 | Sewer    | Lost mutation: You have large cloven feet. [potion of
                  | mutation]
  2021 | Sewer    | Lost mutation: You possess an exceptional clarity of mind.
                  | [potion of mutation]
  2021 | Sewer    | Gained mutation: A frigid envelope surrounds you and
                  | freezes all who hurt you. [potion of mutation]
  2275 | D:3      | Reached skill level 12 in Stealth
  2275 | D:3      | Reached XP level 7. HP: 23/34 MP: 8/8
  3009 | D:4      | Noticed Edmund
  3014 | D:4      | Identified the +1 sling of Dissatisfaction {elec, rPois
                  | Str+3 Stlth-}
  3024 | D:4      | Killed Edmund
  3025 | D:4      | Reached skill level 13 in Stealth
  3174 | D:4      | Found Ehynton's Book Emporium.
  3186 | D:4      | Reached skill level 14 in Stealth
  3307 | D:4      | Reached skill level 15 in Stealth
  3307 | D:4      | Gained mutation: You have razor-sharp teeth. [Vine Stalker
                  | growth]
  3307 | D:4      | Reached XP level 8. HP: 38/38 MP: 9/9
  3729 | D:5      | Entered Level 5 of the Dungeon
  3730 | D:5      | Found Lamast's Antique Armour Emporium.
  3730 | D:5      | Found Ino Qek's Weapon Emporium.
  3730 | D:5      | Found Josaufeq's Book Emporium.
  3738 | D:5      | Found Hemaeno's Armour Emporium.
  3922 | D:5      | Reached skill level 16 in Stealth
  3975 | D:5      | Found a hide-covered altar of Uskayaw.
  4094 | D:5      | Reached skill level 17 in Stealth
  4151 | D:5      | Found a stormy altar of Qazlal.
  4632 | D:3      | Lost mutation: You are clumsy. (Dex -2) [potion of
                  | mutation]
  4632 | D:3      | Lost mutation: A frigid envelope surrounds you and freezes
                  | all who hurt you. [potion of mutation]
  4632 | D:3      | Gained mutation: You are covered in fur. (AC +1) [potion of
                  | mutation]
  4632 | D:3      | Gained mutation: You occasionally lose the ability to drink
                  | potions when taking damage. [potion of mutation]
  4632 | D:3      | Gained mutation: You occasionally shout uncontrollably at
                  | your foes. [potion of mutation]
  4632 | D:3      | Gained mutation: You have a pair of small horns on your
                  | head. [potion of mutation]
  4633 | D:3      | Lost mutation: You occasionally shout uncontrollably at
                  | your foes. [potion of mutation]
  4633 | D:3      | Lost mutation: You have a pair of small horns on your head.
                  | [potion of mutation]
  4633 | D:3      | Gained mutation: Your magical capacity is low. (-10% MP)
                  | [potion of mutation]
  4633 | D:3      | Gained mutation: You sometimes lose the ability to drink
                  | potions when taking damage. [potion of mutation]
  4633 | D:3      | Gained mutation: You have sharp toenails. [potion of
                  | mutation]
  4633 | D:3      | Gained mutation: You are partially covered in iridescent
                  | scales. (AC +2) [potion of mutation]
  4739 | D:6      | Noticed Maggie
  4959 | D:5      | Reached skill level 18 in Stealth
  5245 | D:6      | Killed Maggie
  5246 | D:6      | Reached XP level 9. HP: 32/42 MP: 5/9
  5255 | D:5      | Reached skill level 19 in Stealth
  5396 | D:6      | Noticed Eustachio
  5426 | D:6      | Killed Eustachio
  5427 | D:6      | Reached skill level 1 in Dodging
  5449 | D:6      | Reached skill level 1 in Armour
  5496 | D:6      | Reached skill level 1 in Shields
  5542 | D:6      | Found a staircase to the Ecumenical Temple.
  5554 | D:6      | Reached skill level 1 in Long Blades
  5660 | D:6      | Noticed Pikel
  5676 | D:6      | Killed Pikel
  5695 | D:6      | Found Biasodu's Antique Weapon Emporium.
  5730 | D:6      | Identified the +0 scale mail "Iquw Mus" {rC+ Str-3 Stlth+}
  6199 | Temple   | Entered the Ecumenical Temple
  6371 | Temple   | Became a worshipper of Dithmenos the Shadowed
  6440 | D:6      | Lost mutation: Your magical capacity is low. (-10% MP)
                  | [potion of mutation]
  6440 | D:6      | Lost mutation: You are covered in fur. (AC +1) [potion of
                  | mutation]
  6440 | D:6      | Gained mutation: You are robust. (+10% HP) [potion of
                  | mutation]
  6440 | D:6      | Gained mutation: Your mind is acute. (Int +4, Str/Dex -1)
                  | [potion of mutation]
  6440 | D:6      | Gained mutation: You have a pair of small horns on your
                  | head. [potion of mutation]
  6509 | D:7      | Found a sand-covered staircase.
  6523 | Ossuary  | Entered an ossuary
  6653 | Ossuary  | Reached XP level 10. HP: 52/53 MP: 11/11
  6740 | Ossuary  | Reached * piety under Dithmenos
  7516 | D:8      | Noticed Psyche
  7518 | D:8      | Killed Psyche
  7646 | D:8      | Found a snail-covered altar of Cheibriados.
  7685 | D:8      | Found an ornate altar of the Wu Jian Council.
  7718 | D:8      | Identified the +6 chain mail of Nanud {+Blink rCorr MP-9
                  | Str+7}
  7739 | D:8      | Noticed a two-headed ogre
  7760 | D:8      | Killed a two-headed ogre
  7876 | D:8      | Found Kehoiden's Antique Weapon Shoppe.
  8519 | D:9      | Noticed a two-headed ogre
  8526 | D:9      | Killed a two-headed ogre
  8526 | D:9      | Reached ** piety under Dithmenos
  8527 | D:9      | Reached skill level 1 in Invocations
  9334 | D:10     | Entered Level 10 of the Dungeon
  9360 | D:10     | Reached XP level 11. HP: 32/59 MP: 2/13
  9374 | D:10     | Reached skill level 5 in Long Blades
  9383 | D:10     | Reached skill level 20 in Stealth
  9504 | D:10     | Noticed a two-headed ogre
  9509 | D:10     | Killed a two-headed ogre
  9541 | D:10     | Found a staircase to the Lair.
  9559 | D:10     | Noticed Urug
  9757 | D:10     | Killed Urug
  9758 | D:10     | Reached skill level 5 in Fighting
  9763 | D:10     | Noticed a two-headed ogre
  9848 | D:10     | Killed a two-headed ogre
 10588 | D:11     | Found a staircase to the Orcish Mines.
 10670 | D:11     | Reached *** piety under Dithmenos
 10905 | D:11     | Reached XP level 12. HP: 63/66 MP: 6/15
 10957 | D:11     | Reached skill level 5 in Shields
 11525 | D:4      | Bought a book of Callings for 280 gold pieces
 11529 | D:4      | Learned a level 3 spell: Call Canine Familiar
 12082 | D:12     | Reached skill level 1 in Summonings
 12085 | D:12     | Reached skill level 1 in Spellcasting
 12089 | D:12     | Reached skill level 5 in Dodging
 12150 | D:12     | Reached skill level 5 in Armour
 12240 | D:12     | Noticed Lodul
 12249 | D:12     | Noticed Azrael
 12264 | D:12     | HP: 3/67 [Azrael/bolt of fire (8)]
 12266 | D:12     | Slain by a fire elemental

Illustrated notes

Levels and vault maps discovered:
D:1:      amcnicky_arrival_abandoned_market, layout_basic,
          minmay_shallow_snake_nest
D:2:      layout_rooms, uniq_terence
D:3:      layout_loops_corners, bloody_makhleb, gup_sewer_entry_pipe
D:4:      layout_gridville, serial_shops, shop_fountains, uniq_edmund
D:5:      layout_basic, lemuel_crystal_altar, mainiacjoe_overflow_tiny_flanked,
          minmay_shop_grid_forest, corexii_item_surrounded_by_moat
D:6:      layout_rooms, minmay_temple_entry_mini_moons,
          nicolae_inconvenience_store, amethyst_killhole, minmay_crystal_room,
          nicolae_grassy_gnolls, uniq_maggie, uniq_eustachio, uniq_pikel
D:7:      layout_basic, chequers_ossuary_entry_cave
D:8:      layout_basic, marbit_many_paths, nicolae_wu_jian_wuxing_cycle,
          serial_shops, nicolae_shop_waterfront, uniq_psyche
D:9:      layout_loops_ring, minmay_misc_feat_four_crosses
D:10:     layout_basic, minmay_lair_entry_grove, uniq_urug
D:11:     layout_basic, minmay_orc_entry_temple_small
D:12:     layout_cave_pools, uniq_lodul, uniq_azrael
Temple:   minmay_crystal_spiral_temple

Skill      XL: |  1  2  3  4  5  6  7  8  9 10 11 12 |
---------------+-------------------------------------+-----
Stealth        | 5 6 7 9 12 15 18 19 20 | 20.5
Short Blades   | 2 |  2.5
Throwing       | 2 |  2.5
Fighting       | 3 4 5 6 |  6.1
Dodging        | 2 3 4 5 |  5.0
Armour         | 2 3 4 5 |  5.0
Shields        | 2 3 4 5 |  5.4
Long Blades    | 2 4 6 7 |  7.4
Invocations    | 1 3 4 |  4.3
Summonings     | 1 |  1.6
Spellcasting   | 1 |  1.5

Action                   |  1- 3 |  4- 6 |  7- 9 | 10-12 || total
-------------------------+-------+-------+-------+-------++-------
Melee: Dagger            |    47 |     5 |       |       ||    52
       Bite              |     8 |    20 |    40 |   113 ||   181
       Long sword        |       |    88 |   141 |   362 ||   591
       Punch             |       |     1 |       |       ||     1
       Headbutt          |       |       |     4 |    69 ||    73
Throw: Dart              |    20 |    86 |   192 |   105 ||   403
       Throwing net      |       |       |     7 |     4 ||    11
       Boomerang         |       |       |     2 |       ||     2
       Javelin           |       |       |     5 |       ||     5
  Use: Scroll            |     5 |    11 |     6 |    20 ||    42
       Potion            |       |     2 |     4 |     2 ||     8
 Stab: Sleeping          |     6 |     3 |     2 |    34 ||    45
       Held in net/web   |       |       |     6 |       ||     6
       Distracted        |       |       |       |     3 ||     3
Armor: Robe              |     9 |     3 |       |       ||    12
       Ring mail         |       |    42 |    14 |       ||    56
       Leather armour    |       |       |    35 |       ||    35
       Scale mail        |       |       |    13 |    21 ||    34
       Chain mail        |       |       |       |   159 ||   159
Dodge: Dodged            |    21 |    57 |    91 |   157 ||   326
Block: Buckler           |       |       |    31 |    89 ||   120

Table legend: (Time is in decaauts)
 A = Elapsed time spent in this place.
 B = Non-inter-level travel time spent in this place.
 C = Inter-level travel time spent in this place.
 D = Time resting spent in this place.
 E = Time spent auto-exploring this place.
 F = Levels seen in this place.
 G = Mean time per level.
                   A        B        C        D        E       F      G
               +--------+--------+--------+--------+--------+-----+--------+
         Total |  12477 |  10979 |   1498 |   1059 |   6881 |  15 |  831.8 |
       Dungeon |  11412 |  10002 |   1410 |    959 |   6479 |  12 |  951.0 |
        Temple |    220 |    132 |     88 |      0 |    111 |   1 |  220.0 |
         Sewer |    563 |    563 |      0 |      0 |    254 |   1 |  563.0 |
       Ossuary |    280 |    280 |      0 |    100 |     36 |   1 |  280.0 |
               +--------+--------+--------+--------+--------+-----+--------+

Top non-repeatable levels by time:
     D:5: 1393 daAuts
     D:3: 1281 daAuts
     D:9: 1270 daAuts
    D:10: 1244 daAuts
     D:6: 1028 daAuts
     D:4: 1018 daAuts
    D:11: 924 daAuts
     D:7: 813 daAuts
     D:1: 649 daAuts
     D:8: 631 daAuts
     D:2: 581 daAuts
    D:12: 573 daAuts
   Sewer: 563 daAuts
 Ossuary: 280 daAuts
  Temple: 220 daAuts
